 Dungeon Crawl Stone Soup version 0.32-a0-22-g6ae6769602 (webtiles) character file.

Game seed: 15119275710573047883

60 Barriton the Chiller (level 3, 0/26 HPs)
             Began as a Draconian Ice Elementalist on Jan 18, 2024.
             Slain by a gnoll
             ... wielding a +3 spear
              (7 damage)
             ... on level 3 of the Dungeon.
             The game lasted 00:04:14 (2155 turns).

Barriton the Chiller (Draconian Ice Elementalist)   Turns: 2155, Time: 00:04:15

Health: 0/26       AC:  5    Str: 10    XL:     3   Next: 82%
Magic:  6/7        EV: 12    Int: 17    God:
Gold:   76         SH:  0    Dex: 11    Spells: 5/7 levels left

rFire   + . .        (no weapon)
rCold   x . .        (no shield)
rNeg    + . .        (body armour unavailable)
rPois   .            (helmet restricted)
rElec   .            (no cloak)
rCorr   .            (no gloves)
SInv    .            (no boots)
Will    .....        (no amulet)
Stlth   ++           b - ring of fire
HPRegen 0.24/turn    e - ring of positive energy
MPRegen 0.10/turn

%: no passive effects
@: no status effects
A: AC +5, unfitting armour, cold-blooded
a: no special abilities


You were on level 3 of the Dungeon.
You visited 1 branch of the dungeon, and saw 3 of its levels.

You collected 76 gold pieces.

Inventory:

Jewellery
 b - a ring of fire (left hand)
 e - a ring of positive energy (right hand)
Potions
 c - a potion of mutation {unknown}
 d - a potion of curing {unknown}
 g - 2 potions of degeneration {unknown}
 h - a potion of lignification {unknown}


   Skills:
 + Level 1.9 Dodging
 + Level 2.0 Stealth
 + Level 2.7 Spellcasting
 + Level 0.4 Necromancy
 + Level 4.8 Ice Magic


You had 5 spell levels left.
You knew the following spells:

 Your Spells              Type           Power      Damage    Failure   Level
a - Freeze                Ice            72%        1d8       2%          1
b - Necrotise             Necr           12%        1d4       16%         1

Your spell library contained the following spells:

 Spells                   Type           Power      Damage    Failure   Level
 Frozen Ramparts          Ice            36%        1d6       8%          3
 Ozocubu's Armour         Ice            18%        N/A       8%          3
 Summon Ice Beast         Ice/Summ       10%        N/A       21%         3
 Vampiric Draining        Necr           3%         2d6       41%         3
 Martyr's Knell           Necr/Summ      3%         N/A       86%         4
 Curse of Agony           Necr           3%         N/A       99%         5


Dungeon Overview and Level Annotations

Branches:
Dungeon (3/15)

Altars:


Innate Abilities, Weirdness & Mutations

Your plain brown scales are hard. (AC +5)
You cannot fit into any form of body armour.
You are cold-blooded and may be slowed by cold attacks.


Message History

You freeze the gnoll!
The gnoll is heavily wounded.
The gnoll hits you but does no damage. The gnoll hits you with a +0 flail.
You freeze the gnoll!
You kill the gnoll!
The gnoll hits you but does no damage.
Unknown command.
The gnoll barely misses you.
The gnoll hits you from afar with a +3 spear.
Casting: Freeze (safe; 2% risk of failure)
Confirm with . or Enter, or press ? or * to list all spells.
Aiming: Necrotise (safe; 16% risk of failure)
Press: ? - help, Shift-Dir - straight line, f - gnoll
Aim: a gnoll, wielding a +3 spear (chance to affect: 52%)
The gnoll resists with significant effort.
The gnoll hits you from afar with a +0 spear.
The gnoll closely misses you.
Casting: Necrotise (safe; 16% risk of failure)
Confirm with . or Enter, or press ? or * to list all spells.
Aiming: Necrotise (safe; 16% risk of failure)
Press: ? - help, Shift-Dir - straight line, f/p - gnoll
Aim: a gnoll, wielding a +3 spear (chance to affect: 52%)
The gnoll resists with significant effort.
The gnoll hits you from afar with a +0 spear.
The gnoll hits you from afar with a +3 spear.
Casting: Necrotise (safe; 16% risk of failure)
Confirm with . or Enter, or press ? or * to list all spells.
You don't have enough magic to cast this spell.
Unknown command.
Magic courses through your body. The gnoll hits you but does no damage.
The gnoll hits you from afar with a +3 spear.
* * * LOW HITPOINT WARNING * * *
Casting: Necrotise (safe; 16% risk of failure)
Confirm with . or Enter, or press ? or * to list all spells.
Aiming: Necrotise (safe; 16% risk of failure)
Press: ? - help, Shift-Dir - straight line, f/p - gnoll
Aim: a gnoll, wielding a +3 spear (chance to affect: 52%)
The gnoll writhes in agony.
The gnoll hits you but does no damage.
The gnoll hits you from afar with a +3 spear!
You die...

#. #.# .. #. ####
##.## .$...
.####...###g....#
..)...#..@)g.#
#...####....#
##.## #.#
######>..#####
#...<.........#
#.###.....###.#
#.###.# #.# ...
..# .....


You could see 2 gnolls.

Vanquished Creatures
  A gnoll (D:3)
  An adder (D:2)
  2 dart slugs (D:2)
  2 endoplasms
  3 giant cockroaches (D:1)
  5 hobgoblins
  2 jackals (D:2)
  A quokka (D:1)
  2 ball pythons (D:1)
  7 bats
  4 frilled lizards (D:1)
  2 goblins
  2 kobolds
  4 rats
38 creatures vanquished.

Notes
Turn   | Place    | Note
-------+----------+-------------------------------------------
     0 | D:1      | Barriton the Draconian Ice Elementalist began the quest for
                  | the Orb.
     0 | D:1      | Reached XP level 1. HP: 14/14 MP: 3/3
   170 | D:1      | Learned a level 1 spell: Necrotise
   234 | D:1      | Reached XP level 2. HP: 20/20 MP: 1/5
   589 | D:1      | Found a faded altar of an unknown god.
  1145 | D:2      | Reached XP level 3. HP: 26/26 MP: 1/6
  2155 | D:3      | Slain by a gnoll

Illustrated notes

Levels and vault maps discovered:
D:1:      lemuel_arrival_broad_hall, layout_basic,
          hellmonk_ecumenical_altar_arch_garden, minmay_liquid_box,
          minmay_fountain_box
D:2:      layout_loops_ring, serial_rivers, chequers_serial_rivers_micro_c,
          chequers_serial_rivers_micro_d, chequers_serial_rivers_room_a,
          chequers_serial_rivers_marsh
D:3:      layout_loops_ring, nicolae_vehumet_radiance,
          nicolae_underground_beach, uniq_jessica

Skill      XL: |  1  2  3 |
---------------+----------+-----
Stealth        | 2 |  2.0
Dodging        | |  1.9
Spellcasting   | |  2.7
Necromancy     | |  0.4
Ice Magic      | |  4.8

Action                     || total
---------------------------++-------
  Melee: Unarmed           ||    24
         Tailslap          ||     4
   Cast: Freeze            ||    41
         Necrotise         ||    39
    Use: Scroll            ||     2
         Potion            ||     1
 Armour: Skin              ||    57
  Dodge: Dodged            ||    37

Table legend: (Time is in decaauts)
 A = Elapsed time spent in this place.
 B = Non-inter-level travel time spent in this place.
 C = Inter-level travel time spent in this place.
 D = Time resting spent in this place.
 E = Time spent auto-exploring this place.
 F = Levels seen in this place.
 G = Mean time per level.
                   A        B        C        D        E       F      G
               +--------+--------+--------+--------+--------+-----+--------+
         Total |   2161 |   2112 |     49 |      0 |   1883 |   3 |  720.3 |
       Dungeon |   2161 |   2112 |     49 |      0 |   1883 |   3 |  720.3 |
               +--------+--------+--------+--------+--------+-----+--------+

Top non-repeatable levels by time:
     D:1: 1081 daAuts
     D:2: 1064 daAuts
     D:3: 15 daAuts
